 Dungeon Crawl Stone Soup version 0.17-a0-777-g32247ce (webtiles) character file.

302 chesuidayeur the Chucker (level 6, -7/62 HPs)
             Began as an Ogre Hunter on Apr 25, 2015.
             Killed by nerve-wracking pain
             ... invoked by an orc priest
              (14 damage)
             ... on level 3 of the Dungeon.
             The game lasted 00:15:16 (3548 turns).

chesuidayeur the Chucker (Ogre Hunter)              Turns: 3548, Time: 00:15:16

Health: -7/62      AC:  3    Str: 19    XL:     6   Next: 37%
Magic:  6/6        EV: 11    Int: 10    God:
Gold:   97         SH:  0    Dex: 11    Spells: 0 memorised, 5 levels left

rFire  . . .     SeeInvis +     q - +1 whip (vamp)
rCold  . . .     Clarity  .     d - +0 robe
rNeg   . . .     SustAb   .     (no shield)
rPois  .         Gourm    .     (helmet restricted)
rElec  .         Spirit   .     (no cloak)
rCorr  .         Warding  .     (gloves unavailable)
rMut   .         Stasis   .     (boots unavailable)
MR     .....                    (no amulet)
Stlth  +.........               o - ring of see invisible
                                u - ring of flight

@: not resistant to hostile enchantments, very unstealthy
A: unfitting armour, tough skin 1
a: Evoke Flight


You were on level 3 of the Dungeon.
You were hungry.

You visited 1 branch of the dungeon, and saw 3 of its levels.

You collected 97 gold pieces.

Inventory:

Hand weapons
 a - a +0 short sword
 n - a +0 whip
 q - a +1 vampiric whip (weapon)
Missiles
 c - 2 throwing nets (quivered)
 p - 27 stones
Armour
 d - a +0 robe (worn)
Jewellery
 h - an uncursed ring of magical power
 o - a ring of see invisible (right hand)
 u - a ring of flight (left hand)
Scrolls
 g - 2 scrolls of teleportation {unknown}
 j - 3 scrolls of remove curse {unknown}
 m - 2 scrolls of blinking {unknown}
 r - 2 scrolls of magic mapping {unknown}
 y - a scroll of enchant armour {unknown}
 A - a scroll of noise {unknown}
Potions
 f - a potion of degeneration {unknown}
 i - a potion of flight {unknown}
 k - 2 potions of curing {unknown}
 l - 2 potions of haste {unknown}
 t - a potion of invisibility {unknown}
 v - a potion of agility {unknown}
 w - a potion of cancellation {unknown}
 x - a potion of might {unknown}
Comestibles
 e - 3 bread rations
 s - a meat ration
 z - 3 chunks of flesh


   Skills:
 + Level 4.0 Fighting
 * Level 3.9 Maces & Flails
 - Level 5.1 Throwing
 + Level 4.0 Dodging
 + Level 1.2 Stealth


You had 5 spell levels left.
You didn't know any spells.

Dungeon Overview and Level Annotations

Branches:
Dungeon (3/15)

Altars:
Xom


Innate Abilities, Weirdness & Mutations

You are too large for most types of armour.
You have tough skin (AC +1).


Message History

Your Dodging skill increases to level 4!
You hit the orc priest.
You feel better.
The orc priest is almost dead.
You hit the orc priest but do no damage.
The orc priest is almost dead.
You are feeling hungry.
The orc priest looks braver.
You closely miss the orc priest.
The orc priest is almost dead.
The orc priest mumbles some strange prayers to Beogh against you.
Pain shoots through your body!
* * * LOW HITPOINT WARNING * * *
You barely miss the orc priest.
The orc priest is almost dead.
The orc priest barely misses you.
You closely miss the orc priest.
The orc priest is almost dead.
The orc priest invokes the aid of Beogh against you.
Pain shoots through your body!
You die...

#...........#....#
#.....#####.######
#....)# #.####
#.....# #....#
#.....# ####.#
#.....# #.#
###..†..# #†#
........# #.#
...)##### #@#
....# #o# ....#
#.)((..((. ....#
######### ....#
....# ....# #####


You could see an orc priest.

Vanquished Creatures
  A scorpion (D:3)
  A hound (D:3)
  Ijyb (D:2)
  Jessica (D:3)
  2 orc wizards (D:3)
  3 adders (D:2)
  A worm (D:2)
  3 giant geckos
  6 orcs (D:3)
  A ball python (D:1)
  10 bats
  6 giant cockroaches
  9 goblins
  8 hobgoblins
  8 jackals
  10 kobolds
  A giant gecko skeleton (D:2)
  2 giant newts (D:1)
  6 rats
80 creatures vanquished.

Notes
Turn   | Place    | Note
--------------------------------------------------------------
     0 | D:1      | chesuidayeur, the Ogre Hunter, began the quest for the Orb.
     0 | D:1      | Reached XP level 1. HP: 22/22 MP: 1/1
   338 | D:1      | Reached XP level 2. HP: 22/29 MP: 2/2
   547 | D:1      | Reached skill level 5 in Throwing
  1301 | D:1      | Reached XP level 3. HP: 22/36 MP: 3/3
  2010 | D:2      | Found a shimmering altar of Xom.
  2087 | D:2      | Reached skill level 1 in Maces & Flails
  2104 | D:2      | Noticed Ijyb
  2118 | D:2      | Reached XP level 4. HP: 38/45 MP: 4/4
  2149 | D:2      | Killed Ijyb
  2298 | D:2      | Reached skill level 1 in Stealth
  2769 | D:2      | Reached XP level 5. HP: 53/53 MP: 5/5
  3006 | D:3      | Noticed Jessica
  3014 | D:3      | Killed Jessica
  3127 | D:3      | Reached XP level 6. HP: 37/62 MP: 6/6
  3548 | D:3      | Killed from afar by an orc priest

Action                   |  1- 3 |  4- 6 || total
-------------------------+-------+-------++-------
Melee: Short sword       |    73 |       ||    73
       Whip              |   119 |   146 ||   265
Throw: Stone             |    11 |    38 ||    49
       Large rock        |     4 |    15 ||    19
       Throwing net      |       |     1 ||     1
 Stab: Held in net/web   |       |     1 ||     1
  Eat: Chunk             |     3 |     3 ||     6
       Bread ration      |     1 |       ||     1
       Pizza             |     1 |       ||     1
       Fruit             |       |     1 ||     1
